Zazza, neutral female human Tourist ---------- ----------- .........| |...[.....|# |........| |.>........########.<.......| |.........|## # |........| --------------- |.......... ....{....-## |............(| +.........| ------.--- # |.m...........| -----.----- ## ### |@]...........| ###### # # |.f]..........| # ### ##-@!..........]| ## # --------------- --.-- ### |...| # |...| ##### |...| -----.----- |....####..........| ----- #|.........| #+.......^.| ----------- Zazza the Rambler Experience level: 1 Strength: 9 Dexterity: 14 Constitution: 16 Intelligence: 10 Wisdom: 10 Charisma: 17 Health: 0(10) Energy: 2(2) Def: 0 Gold: 0 Moves: 1158 Dungeon seed: cTlTtCRvufixDm0Y Game ID: Zazza_1598775157 Your Inventory: Weapons a - 32 +2 darts (in quiver) Y - a cursed -1 elven bow Armor e - a blessed +0 Hawaiian shirt (being worn) r - a blessed +2 splint mail Comestibles b - 6 uncursed food rations c - 2 uncursed eggs d - an uncursed slime mold f - 3 uncursed tripe rations g - an uncursed pear G - an uncursed melon L - 4 uncursed food rations O - an uncursed tripe ration T - 2 uncursed cram rations W - an uncursed tin of large kobold meat X - an uncursed tin of brown mold Z - an uncursed tripe ration Scrolls j - 2 blessed scrolls of magic mapping k - 2 uncursed scrolls of magic mapping n - 2 uncursed scrolls of confuse monster s - an uncursed scroll of fire t - a cursed scroll of genocide A - a blessed scroll of punishment J - an uncursed scroll of enchant weapon N - an uncursed scroll of stinking cloud Spellbooks h - an uncursed spellbook of restore ability m - an uncursed spellbook of extra healing o - an uncursed spellbook of cure blindness Potions i - 2 uncursed potions of extra healing p - an uncursed potion of speed u - an uncursed potion of water v - an uncursed potion of gain ability z - an uncursed potion of healing F - an uncursed potion of object detection K - an uncursed potion of sickness Q - a blessed potion of restore ability U - an uncursed potion of booze V - a cursed potion of levitation Rings w - an uncursed ring of regeneration x - an uncursed ring of regeneration C - an uncursed ring of polymorph control R - a cursed -1 ring of adornment Wands I - a wand of create monster (0:12) P - a wand of digging (0:7) S - a wand of create monster (0:14) Tools l - an expensive camera (0:62) B - a blessed magic lamp (lit) D - an uncursed skeleton key E - an uncursed wax candle (0:400) M - an uncursed sack Gems q - an uncursed worthless piece of green glass y - an uncursed worthless piece of orange glass Spells and supernatural/magical abilities: Name Level Category Fail Memory B - cure blindness 2 healing 100% 95% W - pray for help -- divine ? -- Your skills at the end: Fighting Skills Weapon Skills dart [Basic] Spellcasting Skills Final Attributes: You were nominally aligned. You are dead. Vanquished creatures: a giant rat 2 jackals 2 sewer rats 3 grid bugs 2 lichens 10 creatures vanquished. Voluntary challenges: You were an atheist. You never hit with a wielded weapon. You read items or engraved 5 times, starting on turn 14. You never genocided any monsters. You never polymorphed an object. You never changed form. You used no wishes. You never split a pudding. You never wrote Elbereth's name. You never violated your personal moral code. Dungeon overview: The Dungeons of Doom: levels 1 to 3 Level 1 a long staircase Level 2 a long staircase Level 3 <- You were here a general store, a fountain History has recorded: On T:1 you entered the Dungeons of Doom to retrieve the Amulet of Yendor! On T:393 you reached level 2 of The Dungeons of Doom. On T:670 you reached level 3 of The Dungeons of Doom. Score breakdown: Gold: 0 ( 0 points) Experience: 1 level ( 0 points) Exploration: 3 levels ( 6.00%) ( 6060 points) Discoveries: 5 items ( 1.68%) ( 3885 points) Valuables value: (no points given unless you survive) Artifact value: 0 ( 0 points) Variety of kills: 5 monsters ( 1.31%) ( 3436 points) Turncount: 1158 turns ( 0 points) Survival: died (score multiplied by 80%) Total score: 10704 Latest messages: You resume your meal. You don't feel so weak now. Armand drops an orange spellbook. You finish eating the food ration. Wait! That's a small mimic! You see here a splint mail (100 zorkmids). "For you, good lady; only 100 for this splint mail." r - a splint mail (unpaid, 100 zorkmids). You rebalance your load. Movement is difficult. The small mimic bumps right into you! You see here an orange spellbook (400 zorkmids). "For you, honored lady; only 400 for this orange spellbook." m - an orange spellbook (unpaid, 400 zorkmids). You stop. Armand is in the way! Armand picks up a gold spellbook. Armand drops a gold spellbook. You stop. Armand is in the way! The small mimic hits! You don't have enough stamina to move. (2x) The small mimic hits! You die... Annootok comes and takes all your possessions. Final status: Aloha Zazza the Tourist, killed by a small mimic... You died in The Dungeons of Doom on dungeon level 3 with 10704 points, and 0 pieces of gold, after 1158 moves. You were level 1 with a maximum of 10 hit points when you died.